AoeStats
← ijshoorntje

MegaRandom

508056900Analyzed
3v3 RM · 13d ago on Sep 20, 2026· 49m 57s· 6 players
Game mode
Random Map
Map size
Normal (6 player)
Population
200
Speed
Normal
Resources
Standard
Victory
Conquest
Starting age
Dark Age
Ending age
Imperial Age
RankedLock teamsTeams togetherTeam positionsShared explorationLock speedFull tech treeHidden civsTurbo modeCheats
Victory
Defeat
🇩🇪 Spanish · Germany
1165
+17
🇩🇪 Persians · Germany
1123
+19
🇩🇪 Huns · Germany
1117
+19
🇳🇱 Ethiopians · Netherlands
1208
-19
🇳🇱 Magyars · Netherlands
1184
-18
🇳🇱 Japanese · Netherlands
1166
-18
Victor
3:31 Loom
10:10 Feudal Age
15:34 Castle Age
14:14 Double-Bit Axe
14:12 Horse Collar
22:59 Scale Barding Armor
23:33 Corvinian Army
23:42 Heavy Plow
30:29 Chain Barding Armor
31:25 Bloodlines
31:15 Husbandry
36:38 Imperial Age
34:50 Wheelbarrow
34:01 Town Watch
38:48 Gold Mining
43:02 Plate Barding Armor
45:09 Elite Magyar Huszar
49:39 Cavalier
Kees Harakir!
9:23 Feudal Age
8:26 Loom
10:01 Double-Bit Axe
14:54 Padded Archer Armor
17:33 Horse Collar
22:08 Castle Age
20:47 Fletching
22:29 Gold Mining
22:11 Crossbowman
22:51 Bodkin Arrow
23:02 Town Watch
23:53 Bow Saw
27:44 Wheelbarrow
29:05 Leather Archer Armor
31:18 Ballistics
32:04 Hand Cart
35:17 Thumb Ring
39:08 Heavy Plow
40:38 Squires
44:54 Imperial Age
45:10 Forging
45:01 Scale Mail Armor
49:35 Imperial Age
ijshoorntje
4:00 Loom
11:18 Feudal Age
12:27 Double-Bit Axe
15:49 Castle Age
14:11 Stone Mining
17:47 Wheelbarrow
22:10 Yasama
22:28 Fletching
23:14 Guard Tower
23:59 Ballistics
27:21 Squires
26:41 Pikeman
30:11 Arson
34:28 Forging
34:27 Scale Mail Armor
34:22 Bodkin Arrow
37:05 Hand Cart
39:34 Horse Collar
40:42 Murder Holes
40:39 Town Watch
45:40 Imperial Age
45:13 Iron Casting
44:54 Chain Mail Armor
47:29 Blast Furnace
46:32 Bracer
46:24 Elite Samurai
47:25 Conscription
Allowuff
7:52 Loom
9:00 Loom
10:47 Feudal Age
15:20 Castle Age
14:15 Gold Mining
14:56 Double-Bit Axe
20:33 Bow Saw
22:13 Padded Archer Armor
26:39 Bloodlines
29:44 Husbandry
32:58 Ballistics
33:09 Stone Mining
36:51 Fletching
39:48 Imperial Age
37:53 Wheelbarrow
37:04 Town Watch
37:27 Scale Barding Armor
38:24 Caravan
39:58 Masonry
39:44 Murder Holes
41:14 Cavalier
42:15 Chain Barding Armor
42:05 Forging
43:46 Chemistry
43:16 Architecture
42:35 Paladin
44:56 Two-Man Saw
46:10 Plate Barding Armor
46:19 Iron Casting
48:11 Town Patrol
Choppa
10:06 Loom
11:52 Feudal Age
15:54 Castle Age
14:24 Fletching
18:09 Gold Mining
20:58 Gold Shaft Mining
21:54 Double-Bit Axe
21:52 Horse Collar
25:08 Bodkin Arrow
27:02 Scale Barding Armor
27:08 Forging
30:04 Bloodlines
29:56 Husbandry
30:07 Fishing Lines
33:18 Chain Barding Armor
33:29 Stone Mining
35:12 Gillnets
37:28 Iron Casting
38:17 Marauders
42:05 Imperial Age
41:25 Padded Archer Armor
43:29 Plate Barding Armor
43:42 Conscription
45:37 Blast Furnace
47:29 Wheelbarrow
46:40 Town Watch
47:13 Bow Saw
49:11 Bracer
49:35 Ballistics
50:33 Parthian Tactics
50:14 Thumb Ring
50:29 Leather Archer Armor
51:25 Chemistry
Logix:>
6:58 Loom
9:44 Feudal Age
12:16 Double-Bit Axe
14:02 Horse Collar
18:00 Wheelbarrow
20:09 Castle Age
18:38 Scale Barding Armor
18:44 Forging
20:30 Bloodlines
20:21 Fishing Lines
21:34 Gold Mining
22:10 Bow Saw
23:59 Husbandry
25:33 Chain Barding Armor
31:00 Gold Shaft Mining
30:30 Heavy Plow
32:51 Iron Casting
33:33 Hand Cart
33:04 Town Watch
34:50 Stone Mining
40:58 Imperial Age
39:02 Devotion
40:34 Cavalier
41:51 Plate Barding Armor
42:16 Blast Furnace
42:24 Masonry
42:17 Savar
45:46 Fletching
Connection lost

Rejoining the realm…

Still unreachable

The connection could not be restored.

Session expired

The server has moved on; the page needs a fresh start.